Map: Zen LE

Players

ESPECTRO - Winner!

  • Race: Protoss Protoss
  • League: Gold
  • Spawn Location: 7:00

antagomiR

  • Race: Protoss Protoss
  • League: Gold
  • Spawn Location: 1:00

VOD

Have the link to the VOD?

Description

Time

  • Played on: April 5, 2020, 1:52 p.m.
  • Length: 23:12
Show
View Real Time Build Order
Export as new Build Order

ESPECTRO Protoss - Winner!

Build Orders:  

Get SALT Encoding   

  12  0:02  Probe  
  13  0:16  Pylon  
  13  0:17  Probe  
  14  0:36  Gateway  
  14  0:40  Assimilator  
  14  1:04  Probe  
  14  1:16  Probe  
  15  1:22  Zealot  
  15  1:25  Cybernetics Core  
  15  1:31  Probe (Chrono Boost)  
  18  1:42  Probe (Chrono Boost)  
  18  1:46  Probe (Chrono Boost)  
  20  1:58  Pylon  
  20  1:59  Probe  
  21  2:11  Probe  
  21  2:14  Pylon  
  22  2:18  Protoss Air Weapons Level 1  
  22  2:23  Probe  
  22  2:25  Robotics Facility  
  23  3:05  Probe, Robotics Facility  
  22  3:11  Adept  
  24  3:16  Shield Battery  
  24  3:29  Nexus  
  24  3:36  Assimilator  
  24  3:54  Immortal (Chrono Boost)  
  28  4:05  Probe  
  28  4:07  Stalker  
  31  4:17  Probe  
  32  4:27  Pylon  
  32  4:49  Shield Battery  
  31  5:00  Immortal x2 (Chrono Boost)  
  39  5:07  Probe  
  39  5:11  Probe  
  41  5:19  Probe  
  42  5:23  Probe  
  43  5:31  Probe  
  43  5:35  Immortal (Chrono Boost)  
  52  5:45  Immortal (Chrono Boost)  
  52  6:04  Probe x2  
  52  6:10  Pylon  
  54  6:20  Assimilator  
  54  6:21  Assimilator  
  54  6:28  Probe x2, Immortal (Chrono Boost)  
  60  6:40  Probe x2  
  60  6:49  Pylon  
  60  6:52  Probe  
  61  6:54  Pylon  
  61  6:55  Probe  
  62  7:07  Probe x2, Immortal  
  68  7:19  Probe x2  
  70  7:24  Warp Gate (Chrono Boost)  
  70  7:31  Probe x2  
  70  7:33  Pylon  
  70  7:35  Pylon  
  72  7:43  Probe  
  73  7:52  Immortal (Chrono Boost)  
  73  7:53  Immortal (Chrono Boost)  
  77  8:40  Pylon  
  77  8:43  Gateway  
  77  8:46  Immortal x2 (Chrono Boost)  
  77  8:47  Gateway  
  77  8:49  Gateway  
  85  9:06  Pylon  
  85  9:17  Shield Battery  
  78  9:56  Adept  
  78  9:57  Adept x3  
  80  10:23  Warp Prism (Chrono Boost)  
  80  10:28  Observer (Chrono Boost)  
  69  11:12  Observer  
  69  11:17  Zealot  
  69  11:18  Zealot  
  73  11:19  Zealot  
  73  11:20  Zealot  
  73  12:11  Zealot x2  
  67  12:26  Zealot x3  
  67  12:28  Zealot  
  73  12:35  Gateway  
  73  12:37  Gateway  
  73  12:38  Gateway, Twilight Council  
  73  12:40  Forge  
  69  13:01  Zealot x2  
  69  13:02  Zealot x2  
  77  13:44  Zealot  
  77  13:45  Zealot x4  
  87  13:54  Charge  
  87  13:57  Nexus  
  87  13:59  Forge  
  87  14:09  Protoss Ground Weapons Level 1  
  83  14:27  Stargate  
  76  14:50  Probe x2  
  78  14:55  Stalker x5  
  78  14:56  Stalker  
  90  15:02  Probe x2  
  90  15:05  Assimilator  
  92  15:08  Assimilator  
  92  15:10  Void Ray (Chrono Boost)  
  96  15:14  Probe  
  96  15:45  Stalker x2  
  96  15:46  Stalker x3  
  96  15:47  Stalker  
  108  15:50  Protoss Ground Armor Level 1  
  108  16:24  Nexus  
  108  16:29  Pylon  
  108  16:32  Pylon  
  108  16:33  Pylon  
  108  16:36  Pylon  
  108  16:39  Pylon  
  108  16:41  Pylon  
  108  16:50  Stalker  
  108  16:51  Stalker x5  
  108  16:52  Stalker  
  122  17:01  Dark Shrine  
  122  17:06  Gateway  
  122  17:07  Gateway  
  122  17:10  Gateway x2  
  122  17:15  Gateway  
  122  17:19  Gateway  
  122  17:25  Assimilator  
  118  17:45  Zealot  
  118  17:46  Zealot x3  
  118  17:47  Zealot  
  92  18:15  Zealot x5  
  92  18:16  Zealot x4  
  92  18:17  Zealot  
  92  18:19  Zealot x2  
  116  18:33  Probe x3  
  119  18:41  Protoss Ground Armor Level 2 (Chrono Boost)  
  119  18:44  Assimilator  
  119  18:53  Dark Templar x5  
  119  18:54  Dark Templar x2  
  75  19:26  Zealot x2  
  75  19:27  Zealot x4  
  75  19:28  Zealot x5  
  85  19:42  Stalker x2  
  87  19:53  Stalker x4  
  87  19:54  Stalker x4  
  87  19:55  Stalker  
  87  19:56  Stalker x2  
  109  20:09  Oracle  
  112  20:15  Probe  
  112  20:16  Probe x3  
  112  20:20  Pylon  
  116  20:21  Protoss Ground Weapons Level 2 (Chrono Boost)  
  116  20:22  Pylon  
  116  20:24  Pylon  
  116  20:40  Zealot x3  
  116  20:41  Zealot x3  
  116  20:42  Zealot x3  
  132  20:43  Zealot x2  
  138  20:54  Blink (Chrono Boost)  
  138  21:04  Stalker x2  
  140  21:05  Stalker x4  
  140  21:06  Stalker x2  
  140  21:07  Stalker x3  
  140  21:08  Stalker x2  
  164  21:19  Probe x3  
  167  21:31  Photon Cannon  
  167  21:32  Photon Cannon  
  167  21:33  Photon Cannon  
  167  21:35  Photon Cannon  
  167  21:37  Photon Cannon  
  167  21:39  Photon Cannon  
  167  21:41  Photon Cannon  
  167  21:43  Photon Cannon  
  167  21:45  Photon Cannon  
  144  23:07  Stalker  
  144  23:08  Stalker x6  
  144  23:09  Stalker  
Show
View Real Time Build Order
Export as new Build Order

antagomiR Protoss 

Build Orders: Chargelot Immortal 

Get SALT Encoding   

  12  0:01  Probe  
  13  0:13  Probe  
  14  0:18  Pylon  
  14  0:27  Probe  
  15  0:39  Gateway  
  15  0:42  Probe (Chrono Boost)  
  16  0:52  Probe (Chrono Boost)  
  17  0:57  Probe (Chrono Boost)  
  18  1:05  Assimilator  
  18  1:08  Probe  
  19  1:14  Assimilator  
  19  1:20  Probe  
  20  1:26  Cybernetics Core  
  20  1:36  Probe  
  21  1:48  Probe  
  21  1:51  Pylon  
  22  1:58  Warp Gate (Chrono Boost)  
  22  2:00  Probe  
  23  2:12  Probe  
  23  2:15  Robotics Facility  
  24  2:17  Adept  
  26  2:24  Probe  
  27  3:07  Observer  
  28  3:15  Adept  
  28  3:17  Nexus  
  28  3:18  Probe, Pylon  
  31  3:36  Probe, Pylon, Observer  
  31  3:37  Shield Battery  
  33  3:48  Probe  
  34  3:59  Immortal  
  34  4:00  Probe  
  39  4:03  Pylon  
  39  4:07  Sentry  
  41  4:12  Probe  
  42  4:19  Gateway  
  42  4:20  Gateway  
  42  4:24  Probe  
  43  4:32  Probe  
  43  4:36  Probe  
  45  4:45  Probe  
  46  4:48  Probe  
  47  4:57  Probe  
  48  5:03  Immortal  
  48  5:05  Probe  
  53  5:09  Probe  
  53  5:12  Pylon, Forge  
  54  5:17  Probe  
  54  5:21  Probe  
  56  5:27  Twilight Council  
  56  5:29  Probe  
  57  5:39  Sentry  
  57  5:40  Zealot  
  57  5:42  Immortal, Stalker  
  64  6:02  Zealot  
  62  6:07  Probe x2, Stalker  
  62  6:08  Stalker  
  64  6:19  Probe  
  64  6:21  Immortal  
  62  6:46  Probe x2  
  64  6:52  Charge (Chrono Boost)  
  64  6:58  Probe x2  
  64  7:00  Immortal (Chrono Boost)  
  70  7:04  Assimilator  
  70  7:10  Probe, Protoss Ground Weapons Level 1 (Chrono Boost)  
  71  7:26  Zealot  
  71  7:29  Zealot x2  
  77  7:39  Shield Battery  
  76  7:46  Immortal  
  78  7:59  Probe x2  
  76  8:10  Zealot x2  
  77  8:29  Nexus  
  77  8:35  Photon Cannon  
  77  8:46  Photon Cannon  
  77  8:53  Pylon  
  77  8:55  Pylon  
  77  9:01  Pylon  
  73  9:02  Pylon  
  71  9:11  Probe  
  71  9:13  Immortal  
  74  9:20  Pylon  
  74  9:21  Zealot  
  74  9:23  Probe  
  75  9:44  Probe  
  74  9:53  Immortal  
  74  9:54  Assimilator  
  78  10:02  Pylon  
  78  10:21  Zealot  
  78  10:22  Zealot x2  
  84  10:32  Gateway, Immortal  
  84  10:51  Zealot x2  
  84  10:52  Zealot  
  82  11:06  Probe  
  82  11:07  Probe  
  82  11:11  Immortal  
  82  11:17  Protoss Ground Weapons Level 2 (Chrono Boost)  
  82  11:18  Probe  
  82  11:19  Probe  
  84  11:31  Probe  
  85  11:46  Shield Battery  
  85  11:47  Immortal (Chrono Boost)  
  89  11:57  Gateway  
  89  11:58  Gateway  
  89  12:06  Zealot x3  
  92  12:26  Probe x2  
  89  12:35  Observer (Chrono Boost)  
  84  12:38  Probe x2  
  85  12:48  Zealot x3  
  91  12:57  Photon Cannon  
  91  12:59  Zealot  
  91  13:00  Zealot  
  91  13:08  Pylon  
  91  13:16  Pylon  
  91  13:24  Stalker x2  
  95  13:41  Probe x2  
  95  13:48  Immortal  
  101  13:49  Pylon  
  101  13:53  Probe x2  
  103  14:21  Probe x2  
  105  14:27  Observer  
  106  14:33  Probe x2  
  100  14:45  Probe  
  95  14:50  Nexus  
  93  14:52  Pylon  
  93  14:55  Pylon  
  93  14:56  Stargate  
  93  15:02  Stargate  
  93  15:06  Stargate  
  93  15:17  Probe x2  
  95  15:26  Shield Battery  
  95  15:28  Shield Battery  
  95  15:29  Probe  
  95  15:30  Photon Cannon  
  95  15:32  Photon Cannon  
  95  15:34  Photon Cannon  
  96  15:36  Photon Cannon  
  96  15:40  Zealot x3  
  102  16:03  Probe x3  
  105  16:15  Probe  
  105  16:17  Assimilator  
  100  16:51  Photon Cannon, Void Ray  
  104  17:05  Void Ray  
  108  17:25  Stalker  
  110  17:44  Void Ray  
  101  18:20  Void Ray  
  101  18:21  Assimilator  
  105  18:36  Zealot x2  
  105  18:37  Zealot x3  
  105  18:41  Probe x2  
  117  18:53  Zealot  
  119  19:01  Zealot  
  119  19:02  Zealot x2  
  83  19:27  Stalker  
  83  19:29  Sentry x2  
  83  19:30  Sentry x2  
  83  19:31  Zealot  
  83  19:52  Void Ray x2  
  91  19:57  Probe x2  
  93  20:16  Zealot x2  
  93  20:17  Zealot  
  99  20:25  Probe x2  
  99  20:26  Probe  
  98  20:50  Assimilator  
  98  20:53  Zealot x2  
  98  20:54  Zealot  
  104  20:59  Probe  
  105  21:11  Probe x2  
  105  21:12  Observer  
  107  21:39  Probe x3  
  110  21:42  Zealot x2  
  114  21:51  Probe  
  67  22:28  Zealot x3  
  67  22:29  Zealot x3  
  73  22:58  Zealot x3  
Tags
 
League
GoldGold
Matchup
PvP
Replay Pack
20200422
Spawn Locations
Cross Positions
Add a new tag
Caveats
  • Supply blocks, unpowered buildings, or Contaminate may cause inaccurate times.
  • Supply counts are checked every 10 seconds.